 Dungeon Crawl Stone Soup version 0.30.0-3-ga4e48a9924 (webtiles) character file.

Game seed: 621937602400310811

9982 Cheops the Brawler (level 11, -3/82 HPs)
             Began as a Ghoul Monk on May 7, 2023.
             Was a Priest of Wu Jian.
             Shot with an arrow by a centaur warrior (19 damage)
             ... on level 10 of the Dungeon.
             The game lasted 00:16:04 (9387 turns).

Cheops the Brawler (Ghoul Monk)                     Turns: 9387, Time: 00:16:06

Health: -3/82      AC: 16    Str: 20    XL:     11   Next: 55%
Magic:  10/10      EV: 12    Int:  5    God:    Wu Jian [***...]
Gold:   713        SH:  0    Dex: 11    Spells: 10/10 levels left

rFire   + .          .
                       - Unarmed
rCold   + + +        c - orb {light}
rNeg    + + +        p - +0 plate armour
rPois   ∞            i - +0 helmet
rElec   +            w - +0 cloak {Stlth+}
rCorr   .            (no gloves)
SInv    .            (no boots)
Will    .....        E - amulet of magic regeneration Stlth
                     g - ring of protection from fire
HPRegen 0.00/turn    d - ring "Xusyt" {rElec rC++ Will- EV+5}
MPRegen 0.52/turn

%: no passive effects
@: about to teleport, inhibited regen, glowing
A: claws 1, cold resistance 1, negative energy resistance 3, inhibited
regeneration, torment resistance 2, devour on kill
a: Renounce Religion, Wall Jump, Serpent's Lash


You were on level 10 of the Dungeon.
You worshipped Wu Jian.
Wu Jian was most pleased with you.
You visited 2 branches of the dungeon, and saw 11 of its levels.
You also visited: Bailey.

You collected 713 gold pieces.

Inventory:

Missiles
 F - a throwing net (quivered)
Armour
 a - a +0 robe
 c - an orb of light (worn)
 i - a +0 helmet (worn)
 p - a +0 plate armour (worn)
 w - a +0 cloak of stealth (worn)
Jewellery
 d - the ring "Xusyt" (right claw) {rElec rC++ Will- EV+5}
   (You acquired it on level 7 of the Dungeon)

   [ring of evasion]

   EV:        It affects your evasion (+5).
   rC:        It greatly protects you from cold.
   rElec:     It insulates you from electricity.
   Will:      It decreases your willpower.
 g - a ring of protection from fire (left claw)
 E - an amulet of magic regeneration (around neck)
Wands
 e - a wand of flame (9)
 j - a wand of iceblast (2)
 m - a wand of charming (10)
 x - a wand of mindburst (15)
Scrolls
 f - 2 scrolls of immolation {unknown}
 h - 2 scrolls of vulnerability
 k - a scroll of butterflies
 l - 4 scrolls of teleportation
 n - 4 scrolls of fear
 r - a scroll of poison
 t - 4 scrolls of fog
 v - 2 scrolls of silence
 y - 2 scrolls of magic mapping {unknown}
 D - 2 scrolls of noise {unknown}
 I - 2 scrolls of identify
Potions
 b - a potion of ambrosia
 o - a potion of cancellation
 q - 8 potions of curing
 s - 5 potions of attraction
 u - a potion of flight {unknown}
 z - a potion of haste {unknown}
 A - a potion of might {unknown}
 B - 3 potions of mutation {unknown}
 C - 2 potions of brilliance
 G - a potion of magic
 H - 2 potions of berserk rage {unknown}
 J - a potion of heal wounds {unknown}


   Skills:
 - Level 3.2 Fighting
 - Level 8.7 Armour
 + Level 3.7 Dodging
 * Level 16.2 Unarmed Combat


You had 10 spell levels left.
You didn't know any spells.
Your spell library contained the following spells:

 Spells                   Type           Power      Damage    Failure   Level
 Cigotuvi's Dreadful Rot  Necr/Pois/Air  0%         N/A       100%        2
 Ensorcelled Hibernation  Hex/Ice        0%         N/A       100%        2
 Ignite Poison            Fire/Tmut/Pois 0%         N/A       100%        3
 Ozocubu's Armour         Ice            0%         N/A       100%        3
 Anguish                  Hex/Necr       0%         N/A       100%        4
 Freezing Cloud           Conj/Ice/Air   0%         6-21      100%        5
 Metabolic Englaciation   Hex/Ice        0%         N/A       100%        5
 Simulacrum               Ice/Necr       0%         N/A       100%        6
 Spider Form              Tmut/Pois      Unusable   N/A       N/A         3

Dungeon Overview and Level Annotations

Branches:
Dungeon (10/15)            Temple (1/1) D:7            Lair (0/5) D:9
    Orc (0/2) D:9          Bailey (visited)

Altars:
Ashenzari
Cheibriados
Fedhas
Gozag
Kikubaaqudgha
Makhleb
Nemelex Xobeh
Okawaru
Qazlal
Ru
Sif Muna
Trog
Uskayaw
Vehumet
Wu Jian
Xom
Yredelemnul

Shops:
D:5 *   D:6 *


Innate Abilities, Weirdness & Mutations

You are immune to poison.
You have sharp fingernails.
Your flesh is cold resistant. (rC+)
You are immune to negative energy. (rN+++)
You do not regenerate when monsters are visible.
You are immune to unholy pain and torment.
You thrive by killing the living.


Message History

An ice dragon comes into view.
You barely miss the troll.
The ice dragon roars deafeningly!
You hear a shout!
You hear two shouts!
The centaur warrior hits you from afar with a +0 spear.
The troll bites you! The troll claws you.
The troll claws you but does no damage.
You scratch the troll.
The troll is lightly wounded.
The centaur warrior hits you but does no damage.
You scratch the troll but do no damage.
The troll is lightly wounded.
The centaur warrior hits you from afar with a +0 spear.
The troll bites you but does no damage.
The troll claws you but does no damage. x2
You mangle the troll!!
The troll is heavily wounded.
The centaur warrior closely misses you. The troll bites you but does no damage.
The troll closely misses you. x2
You claw the troll!
The troll is almost dead.
The centaur warrior barely misses you. The troll bites you.
The troll claws you but does no damage. The troll barely misses you.
The centaur warrior hits you from afar with a +0 spear!
You scratch the troll.
You kill the troll!
The Council accepts your kill.
The centaur warrior wields a +0 shortbow.
The centaur warrior shoots an arrow.
The arrow hits you!
* * * LOW HITPOINT WARNING * * *
The centaur warrior unwields a +0 spear.
The centaur warrior wields a +0 shortbow.
The centaur warrior shoots an arrow.
The arrow hits you but does no damage.
Unknown command.
Unknown command.
As you read the scroll of teleportation, it crumbles to dust.
You feel strangely unstable.
A two-headed ogre comes into view. It is wielding two +0 giant clubs.
The centaur warrior shoots an arrow.
The arrow hits you.
* * * LOW HITPOINT WARNING * * *
The centaur warrior shoots an arrow.
The arrow hits you!!
You die... .## ##O ... ... #.. .. .. #.. .# .. .. #.. ..# g# #. #.. #.# c♣c

#.. ..# ♣)♣ #.. ..# ♣@♣ ### ###
#.. ..# ♣.♣ ♣♣.♣♣ ♣♣.♣♣#..
..#♣♣.♣ ♣.♣♣♣)♣.♣♣♣.♣.♣#.. .....♣
♣.♣♣)♣♣♣...♣♣♣.... ..#♣♣.♣
♣.♣.♣.♣♣ ♣♣♣♣.♣.♣#.. ..# ♣..)♣♣
♣♣.♣♣#..
..#############################..
#................................
########.........................


You could see 2 centaur warriors, a two-headed ogre and a gnoll sergeant.

Vanquished Creatures
  2 vault guards (Bailey)
  A glowing orange brain (D:10)
  Psyche (D:9)
  2 trolls
  2 hornets
  Prince Ribbit (Bailey)
  2 shadows (D:10)
  A vampire (D:9)
  6 yaks
  A wraith (D:9)
  2 wyverns
  2 steam dragons
  4 humans (Bailey)
  A swamp worm (D:9)
  A water moccasin (D:5)
  5 orc warriors
  4 black bears
  3 wolves (D:9)
  2 ogres
  4 centaurs
  A phantom (D:6)
  A kobold brigand (D:7)
  Blork the orc (D:6)
  14 bullfrogs
  3 gnoll sergeants
  A scorpion (D:5)
  3 wights (D:6)
  5 killer bees (D:9)
  An electric eel (D:9)
  A howler monkey (D:10)
  A jelly (D:6)
  Crazy Yiuf (D:6)
  3 hounds
  A gnoll bouda (D:4)
  6 orc priests
  Ijyb (D:5)
  Natasha (thrice) (D:2)
  An iguana (D:6)
  5 orc wizards
  9 gnolls
  4 adders
  A shadow imp (D:5)
  3 white imps
  2 ufetubi
  An adder zombie (D:4)
  A dart slug (D:1)
  33 orcs
  9 endoplasms
  A giant cockroach (D:3)
  7 goblins
  13 hobgoblins
  4 quokkas
  7 ball pythons
  4 bats
  6 frilled lizards
  A jackal zombie (D:4)
  14 kobolds
  5 rats
225 creatures vanquished.

Vanquished Creatures (others)
  An orc wizard (D:9)
  2 orcs (D:9)
  44 plants
47 creatures vanquished.

Grand Total: 272 creatures vanquished

Notes
Turn   | Place    | Note
-------+----------+-------------------------------------------
     0 | D:1      | Cheops the Ghoul Monk began the quest for the Orb.
     0 | D:1      | Reached XP level 1. HP: 19/19 MP: 0/0
    68 | D:1      | Reached XP level 2. HP: 26/26 MP: 1/1
    88 | D:1      | Found a faded altar of an unknown god.
   120 | D:1      | Reached skill level 4 in Unarmed Combat
   494 | D:2      | Noticed Natasha
   498 | D:2      | Killed Natasha
   499 | D:2      | Reached skill level 5 in Unarmed Combat
   499 | D:2      | Reached XP level 3. HP: 31/31 MP: 2/2
   594 | D:2      | Noticed Natasha
   604 | D:2      | Killed Natasha
   605 | D:2      | Reached XP level 4. HP: 18/38 MP: 3/3
  1044 | D:2      | Noticed Natasha
  1050 | D:2      | Killed Natasha
  1051 | D:2      | Reached skill level 6 in Unarmed Combat
  1051 | D:2      | Reached XP level 5. HP: 45/45 MP: 4/4
  2625 | D:3      | Reached skill level 1 in Armour
  2634 | D:3      | Found an opulent altar of Gozag.
  2949 | D:4      | Noticed an ogre
  2964 | D:4      | Killed an ogre
  2965 | D:4      | Reached skill level 7 in Unarmed Combat
  2965 | D:4      | Reached XP level 6. HP: 11/51 MP: 5/5
  3115 | D:4      | Found a shimmering blue altar of Sif Muna.
  3322 | D:4      | Found a basalt altar of Yredelemnul.
  3987 | D:5      | Entered Level 5 of the Dungeon
  3996 | D:5      | Noticed a black bear
  4006 | D:5      | Killed a black bear
  4123 | D:5      | Noticed a water moccasin
  4136 | D:5      | Killed a water moccasin
  4137 | D:5      | Reached skill level 8 in Unarmed Combat
  4137 | D:5      | Reached XP level 7. HP: 51/57 MP: 6/6
  4319 | D:5      | Found Jidot's Assorted Antiques.
  4417 | D:5      | Found a snail-covered altar of Cheibriados.
  4625 | D:5      | Noticed Ijyb
  4635 | D:5      | Killed Ijyb
  4939 | D:6      | Reached skill level 9 in Unarmed Combat
  5122 | D:6      | Reached XP level 8. HP: 54/63 MP: 7/7
  5256 | D:6      | Noticed Blork the orc
  5267 | D:6      | Killed Blork the orc
  5615 | D:6      | Found Biczoth's Assorted Antiques.
  5721 | D:6      | Reached skill level 10 in Unarmed Combat
  5758 | D:6      | Found a runed translucent door.
  5759 | D:6      | Noticed Crazy Yiuf
  5960 | D:6      | Killed Crazy Yiuf
  6069 | D:7      | Identified a scroll of acquirement
  6069 | D:7      | Acquired the ring "Xusyt" {rElec rC++ Will- EV+5}
  6161 | D:7      | Found a flagged portal.
  6175 | D:7      | Found a shimmering altar of Xom.
  6185 | Bailey   | Entered a bailey
  6203 | Bailey   | Reached skill level 5 in Armour
  6228 | Bailey   | Reached skill level 11 in Unarmed Combat
  6228 | Bailey   | Reached XP level 9. HP: 21/70 MP: 8/8
  6527 | Bailey   | Noticed Prince Ribbit
  6527 | Bailey   | Noticed a vault guard
  6545 | Bailey   | Killed a vault guard
  6546 | Bailey   | Reached skill level 12 in Unarmed Combat
  6547 | Bailey   | Killed Prince Ribbit
  6550 | Bailey   | Noticed a vault guard
  6577 | Bailey   | Killed a vault guard
  6578 | Bailey   | Reached skill level 13 in Unarmed Combat
  6578 | Bailey   | Reached XP level 10. HP: 44/77 MP: 9/9
  6810 | D:7      | Found a staircase to the Ecumenical Temple.
  6939 | Temple   | Entered the Ecumenical Temple
  7157 | D:7      | Found a broken altar of Ashenzari.
  7657 | D:8      | Reached skill level 14 in Unarmed Combat
  8220 | D:9      | Found a staircase to the Orcish Mines.
  8229 | D:9      | Found an ornate altar of the Wu Jian Council.
  8249 | D:9      | Found a staircase to the Lair.
  8265 | D:9      | Became a worshipper of the Wu Jian Council
  8265 | D:9      | Reached * piety under Wu Jian
  8265 | D:9      | Reached ** piety under Wu Jian
  8393 | D:9      | Noticed Psyche
  8478 | D:9      | Reached skill level 15 in Unarmed Combat
  8478 | D:9      | Reached XP level 11. HP: 62/82 MP: 10/10
  8644 | D:9      | Found a bloodstained altar of Trog.
  8733 | D:9      | Killed Psyche
  8751 | D:9      | Reached *** piety under Wu Jian
  9126 | D:10     | Entered Level 10 of the Dungeon
  9371 | D:10     | Noticed a glowing orange brain
  9375 | D:10     | Noticed a centaur warrior
  9375 | D:10     | Noticed a centaur warrior
  9378 | D:10     | Reached skill level 16 in Unarmed Combat
  9378 | D:10     | Noticed a cyan ugly thing
  9379 | D:10     | Noticed a two-headed ogre
  9380 | D:10     | Killed a glowing orange brain
  9380 | D:10     | Noticed an ice dragon
  9387 | D:10     | Noticed a two-headed ogre
  9387 | D:10     | Shot with an arrow by a centaur warrior

Illustrated notes

Levels and vault maps discovered:
D:1:      dpeg_arrival_houses_and_road, layout_rooms,
          hellmonk_ecumenical_altar_heavens_door
D:2:      layout_basic, hex_medium, uniq_natasha
D:3:      layout_loops_cross, grunt_gozag_breadcrumbs, kennysheep_donut
D:4:      minmay_evil_eye, layout_layer_cave, lemuel_zombie_altar_yredelemnul,
          mainiacjoe_overflow_concentric_impassable, minmay_misc_feat_roman
D:5:      layout_basic, amcnicky_altar_gilded, nicolae_elyvilon_peaceful_grove,
          serial_shops, nicolae_take_the_stairs, uniq_ijyb
D:6:      layout_loops_ring, tso_oasis_becter, serial_shops, nicolae_shop_trees,
          corexii_mini_fake_secret_closet, uniq_blork_the_orc,
          uniq_crazy_yiuf_cottage
D:7:      layout_basic, nicolae_overflow_crystal_walls, lemuel_doored_altar,
          minmay_temple_entry_mini_moons, enter_bailey_1,
          chequers_serial_rivers_small_3, nicolae_figureground_pulse
D:8:      layout_rooms
D:9:      layout_loops_cross, lemuel_coloured_pillars_altar,
          mainiacjoe_overflow_six_doors_small, erik_lair_island,
          minmay_orc_entry_temple_large, worms_lemuel, uniq_psyche
D:10:     nzn_winding_woodlands_large [nzn_winding_woodlands_5x5_closed_star,
          nzn_winding_woodlands_5x15_sawtooth, nzn_winding_woodlands_5x5_cross,
          nzn_winding_woodlands_center_garden,
          nzn_winding_woodlands_15x15_five_gardens,
          nzn_winding_woodlands_center_triple_pond,
          nzn_winding_woodlands_5x5_open_star, nzn_winding_woodlands_5x15_pool,
          nzn_winding_woodlands_5x5_checkerboard], layout_rooms,
          mainiacjoe_overflow_tiny_flanked, lemuel_tele_altar
Temple:   hellmonk_temple_flake

Skill      XL: |  1  2  3  4  5  6  7  8  9 10 11 |
---------------+----------------------------------+-----
Unarmed Combat | 5 6 7 8 9 11 13 15 16 | 16.2
Armour         | 1 2 3 5 7 8 |  8.7
Dodging        | 3 |  3.7
Fighting       | |  3.2

Action                     |  1- 3 |  4- 6 |  7- 9 | 10-12 || total
---------------------------+-------+-------+-------+-------++-------
  Melee: Unarmed           |    66 |   157 |   234 |   232 ||   689
Ability: Wall Jump         |       |       |       |     4 ||     4
         Lunge             |       |       |       |     9 ||     9
  Evoke: Wand              |       |       |    10 |     6 ||    16
    Use: Scroll            |       |     7 |     5 |     2 ||    14
 Armour: Robe              |    16 |     9 |       |       ||    25
         Plate armour      |       |    64 |   112 |    97 ||   273
  Dodge: Dodged            |    43 |    61 |    77 |   131 ||   312
